 Dungeon Crawl Stone Soup version 0.18-a0-1126-ga2d7f46 (webtiles) character file.

142 M4edhros the Charlatan (level 5, 0/33 HPs)
             Began as an Octopode Artificer on Jan 20, 2016.
             Succumbed to a scorpion's poison
             ... on level 4 of the Dungeon.
             The game lasted 00:03:34 (1885 turns).

M4edhros the Charlatan (Octopode Artificer)         Turns: 1885, Time: 00:03:34

Health: 0/33       AC:  4    Str: 13    XL:     5   Next: 24%
Magic:  8/8        EV: 10    Int: 15    God:
Gold:   110        SH:  8    Dex: 13    Spells: 0 memorised, 4 levels left

rFire  . . .     SeeInvis .     a - +0 short sword
rCold  . . .     Gourm    .     e - +0 shield
rNeg   . . .     Faith    .     g - +2 hat
rPois  .         Spirit   .     (no amulet)
rElec  .         Dismiss  .     (no ring)
rCorr  .         Reflect  .     (no ring)
SustAt .         Harm     .     (no ring)
MR     .....                    (no ring)
Stlth  ++++......               (no ring)
                                (no ring)
                                (no ring)
                                (no ring)

@: mighty, lethally poisoned (0 -> -22), not resistant to hostile enchantments,
stealthy
A: almost no armour, amphibious, 8 rings, constrict 8, tentacle spike 1, rugged
brown scales 1, camouflage 1, weak 1, gelatinous body 1
a: no special abilities


You were on level 4 of the Dungeon.
You were not hungry.

You visited 1 branch of the dungeon, and saw 4 of its levels.

You collected 110 gold pieces.

Inventory:

Hand Weapons
 a - a +0 short sword (weapon)
Missiles
 i - 6 stones (quivered)
 m - 50 sling bullets
Armour
 e - a +0 shield (worn)
 g - a +2 hat (worn)
Wands
 b - a wand of flame (13/48)
 c - a wand of enslavement (14/24)
 d - a wand of random effects (7/48)
Scrolls
 h - a scroll of magic mapping {unknown}
 j - 2 scrolls of identify {unknown}
 p - a scroll of enchant weapon {unknown}
Comestibles
 f - 2 bread rations
 n - a meat ration
 q - a beef jerky


   Skills:
 - Level 1.0 Fighting
 - Level 1.0 Short Blades
 + Level 3.0 Dodging
 + Level 3.5 Stealth
 * Level 2.6 Shields
 + Level 4.1 Evocations


You had 4 spell levels left.
You didn't know any spells.

Dungeon Overview and Level Annotations

Branches:
Dungeon (4/15)
 Temple: D:4-7

Altars:
Dithmenos
Gozag

Annotations:
D:3 Robin


Innate Abilities, Weirdness & Mutations

You cannot wear most types of armour.
You are amphibious.
You can wear up to eight rings at the same time.
You can use your tentacles to constrict eight enemies at once.
Your skin changes colour to match your surroundings (Stealth).
Your rubbery body absorbs attacks (AC +1).
One of your tentacles bears a spike.
You are partially covered in rugged brown scales (AC +1, +3% HP).
You are weak. (Str -2)


Message History

You feel sick.
The scorpion stings you but does no damage.
The scorpion stings you.
You are lethally poisoned!
The scorpion poisons you!
Drink which item? (? for menu, Esc to quit)
It was a potion of might.
You feel very mighty all of a sudden.
You constrict the scorpion.
* * * LOW HITPOINT WARNING * * *
You feel sick. The scorpion stings you!
* * * LOW HITPOINT WARNING * * *
Unknown command.
Drink which item? (? for menu, Esc to quit)
It was a potion of mutation.
You feel extremely strange.
Rugged brown scales grow over part of your body.
One of your lower tentacles grows a sharp spike.
You feel weaker.
You constrict the scorpion, but do no damage.
You die...

#...####)###..#.......
#.)...>...#.........[#
#.#)........##.#####.#
#........##.##.# #...
#........# o##.####..#
#.....)..# ....o......
#....)...##......##..#
##.......#...........#
#...@..)#<......##.##
#....s).#............
####.####..?.......#.
#.####.##########.
#......# #. ########
#. #. #. #.


You could see a scorpion.

Vanquished Creatures
  2 orc wizards (D:4)
  3 adders
  A giant gecko (D:4)
  3 orcs (D:4)
  A ball python (D:1)
  5 giant cockroaches
  3 goblins
  4 hobgoblins
  10 jackals
  6 kobolds
  A quokka (D:2)
  3 bats (D:1)
  6 giant newts
  A quokka skeleton (D:4)
  4 rats (D:1)
53 creatures vanquished.

Vanquished Creatures (others)
  An orc priest (D:4)
  An orc wizard (D:4)
2 creatures vanquished.

Grand Total: 55 creatures vanquished

Notes
Turn   | Place    | Note
--------------------------------------------------------------
     0 | D:1      | M4edhros the Octopode Artificer began the quest for the Orb.
     0 | D:1      | Reached XP level 1. HP: 13/13 MP: 3/3
   278 | D:1      | Reached XP level 2. HP: 13/18 MP: 4/4
   639 | D:1      | Reached XP level 3. HP: 17/23 MP: 5/5
   643 | D:1      | Reached skill level 1 in Shields
   965 | D:2      | Found a shadowy altar of Dithmenos.
   979 | D:2      | You fall through a shaft!
   985 | D:3      | Found an opulent altar of Gozag.
  1032 | D:3      | Noticed Robin
  1267 | D:4      | Reached XP level 4. HP: 14/28 MP: 6/6
  1670 | D:4      | Reached skill level 4 in Evocations
  1877 | D:4      | Reached XP level 5. HP: 24/33 MP: 8/8
  1884 | D:4      | HP: 1/33 [scorpion (8)]
  1885 | D:4      | Gained mutation: You are partially covered in rugged brown scales (AC +1, +3% HP). [potion of mutation]
  1885 | D:4      | Gained mutation: One of your tentacles bears a spike. [potion of mutation]
  1885 | D:4      | Gained mutation: You are weak. (Str -2) [potion of mutation]
  1885 | D:4      | Succumbed to a scorpion's poison

Vault maps used:
D:1:      sevenhm_arrival_forest_fort_large_2
D:2:      nicolae_overflow_hidden_temple, lemuel_crystal_altar,
          gammafunk_temple_overflow_elements
D:3:      nicolae_gozag_cash_rules_everything_around_me, marbit_many_paths,
          first_bread, grunt_pakellas_basics, uniq_robin, uniq_natasha,
          uniq_jessica

Action                   |  1- 3 |  4- 6 || total
-------------------------+-------+-------++-------
Melee: Short sword       |   104 |    20 ||   124
Evoke: Wand              |       |    11 ||    11
  Use: Potion            |       |     3 ||     3
 Stab: Sleeping          |    11 |       ||    11
  Eat: Chunk             |     1 |     2 ||     3
